 Dungeon Crawl Stone Soup version 0.27-a0-1193-g8631133 (webtiles) character file.

Game seed: 14889120523935285339

200 bananamous the Chopper (level 5, -1/44 HPs)
             Began as a Palentonga Fighter on May 24, 2021.
             Was an Initiate of Makhleb.
             Killed by divine providence
             ... invoked by an orc priest
              (15 damage)
             ... in the Ecumenical Temple.
             The game lasted 00:08:00 (2813 turns).

bananamous the Chopper (Palentonga Fighter)         Turns: 2813, Time: 00:08:00

Health: -1/44      AC:  6    Str: 20    XL:     5   Next: 48%
Magic:  5/5        EV:  5    Int:  8    God:    Makhleb [......]
Gold:   66         SH:  9    Dex: 10    Spells: 4/4 levels left

rFire    . . .     SeeInvis +   a - +0 war axe
rCold    . . .     Faith    .   c - +0 kite shield
rNeg     . . .     Spirit   .   b - +0 scale mail
rPois    .         Reflect  .   (no helmet)
rElec    .         Harm     .   (no cloak)
rCorr    .         Rampage  .   (no gloves)
Will     .....                  (no barding)
Stlth    ..........             (no amulet)
HPRegen  0.14/turn              (no ring)
MPRegen  0.09/turn              (no ring)

@: no status effects
A: large, rugged brown scales 3, see invisible, deformed body, roll 1, armoured
tail
a: Rolling Charge, Renounce Religion


You were in the Ecumenical Temple.
You worshipped Makhleb.
Makhleb was noncommittal.
You visited 2 branches of the dungeon, and saw 5 of its levels.

You collected 66 gold pieces.

Inventory:

Hand Weapons
 a - a +0 war axe (weapon)
Missiles
 n - 3 atropa-tipped darts
Armour
 b - a +0 scale mail (worn)
 c - a +0 kite shield (worn)
Jewellery
 f - a ring of fire
Scrolls
 e - a scroll of vulnerability
 l - a scroll of enchant armour
Potions
 d - a potion of invisibility {unknown}
 m - a potion of flight {unknown}


   Skills:
 + Level 3.6 Fighting
 + Level 3.9 Axes
 + Level 3.3 Armour
 + Level 0.5 Dodging
 + Level 0.1 Stealth
 + Level 3.0 Shields


You had 4 spell levels left.
You didn't know any spells.
Your spell library contained the following spells:

 Spells                   Type           Power      Damage    Failure   Level
 Animate Skeleton         Necr           0%         N/A       99%         1
 Apportation              Tloc           0%         N/A       99%         1
 Corona                   Hex            0%         N/A       99%         1
 Magic Dart               Conj           0%         1d3       99%         1
 Summon Small Mammal      Summ           0%         N/A       99%         1
 Blink                    Tloc           N/A        N/A       100%        2
 Call Imp                 Summ           0%         N/A       100%        2
 Slow                     Hex            0%         N/A       100%        2
 Conjure Flame            Conj/Fire      0%         6-21      100%        3
 Mephitic Cloud           Conj/Pois/Air  0%         N/A       100%        3


Dungeon Overview and Level Annotations

Branches:
Dungeon (4/15)             Temple (1/1) D:4

Altars:
Elyvilon
Fedhas
Hepliaklqana
Makhleb
Nemelex Xobeh
Qazlal
Ru
Sif Muna
Uskayaw
Vehumet
Xom
Yredelemnul
Zin


Innate Abilities, Weirdness & Mutations

You are completely covered in rugged brown scales. (AC +3, +7% HP)
You have supernaturally acute eyesight. (SInv)
Armour fits poorly on your strangely shaped body.
You can roll at nearby foes to attack.
You have a long armoured tail.


Message History

The orc priest hits you but does no damage.
You block the orc's attack. x2
You slash the orc!
You kill the orc!
Makhleb accepts your kill.
You barely miss the orc priest. You closely miss the orc.
The orc priest hits you but does no damage.
The orc closely misses you. You block the orc priest's attack.
The orc hits you but does no damage.
You slash the orc!
You kill the orc!
Makhleb accepts your kill.
You hit the orc priest. You block the orc priest's attack.
You barely miss the orc priest.
The orc priest is lightly wounded.
The orc priest calls down the wrath of Beogh upon you.
Pain shoots through your body!
The orc priest mumbles some strange prayers to Beogh against you.
Pain shoots through your body!
* * * LOW HITPOINT WARNING * * *
You are too injured to fight recklessly!
Unknown command.
You are too injured to fight recklessly!
You are too injured to fight recklessly!
You hit the orc priest.
The orc priest is moderately wounded.
The orc priest hits you but does no damage.
You hit the orc priest but do no damage.
Your tail-slap misses the orc priest.
The orc priest is moderately wounded.
The orc priest hits you but does no damage.
The orc priest barely misses you.
Your scale mail prevents you from hitting the orc priest.
The orc priest is moderately wounded.
You block the orc priest's attack.
You hit the orc priest.
The orc priest is moderately wounded.
The orc priest invokes the aid of Beogh against you.
Beogh smites you!
You die...

♣♣♣ ♣♣.♣♣ ♣...♣♣
♣♣♣♣♣♣ .....♣
♣♣...P♣ .._..♣
♣♣♣♣♣...))♣ .....♣
♣.......)@♣
....♣♣♣♣.♣♣♣...o.♣
.♣♣♣♣♣..♣♣ ♣♣...♣♣
.P♣♣♣♣♣.♣ ♣♣♣♣♣
♣♣♣♣PP.♣♣
..♣♣..♣♣♣♣♣♣♣
♣♣..♣♣♣♣♣...♣♣
♣♣♣♣.♣♣♣.....♣♣ ♣
♣..♣..._...♣


You could see an orc priest.

Vanquished Creatures
  2 scorpions
  A worm (D:3)
  A dart slug (D:2)
  4 orcs
  9 ball pythons
  6 endoplasms
  2 giant cockroaches
  7 goblins
  8 hobgoblins
  3 jackals (D:1)
  2 quokkas (D:1)
  4 bats
  3 frilled lizards
  8 kobolds
  6 rats
66 creatures vanquished.

Notes
Turn   | Place    | Note
-------+----------+-------------------------------------------
     0 | D:1      | bananamous the Palentonga Fighter began the quest for the
                  | Orb.
     0 | D:1      | Reached XP level 1. HP: 19/19 MP: 1/1
   213 | D:1      | Reached XP level 2. HP: 25/25 MP: 2/2
   622 | D:1      | Found a faded altar of an unknown god.
   729 | D:1      | Reached XP level 3. HP: 31/31 MP: 3/3
   861 | D:1      | You fall into a shaft and drop 1 floor!
  1526 | D:2      | Noticed a scorpion
  1529 | D:2      | Killed a scorpion
  1530 | D:2      | Reached XP level 4. HP: 37/37 MP: 4/4
  1691 | D:3      | Found a stormy altar of Qazlal.
  2088 | D:3      | You fall into a shaft and drop 1 floor!
  2092 | D:4      | Noticed a scorpion
  2100 | D:4      | Killed a scorpion
  2101 | D:4      | Reached XP level 5. HP: 29/43 MP: 5/5
  2203 | D:4      | Found a staircase to the Ecumenical Temple.
  2215 | Temple   | Entered the Ecumenical Temple
  2741 | Temple   | Became a worshipper of Makhleb the Destroyer
  2813 | Temple   | Killed from afar by an orc priest

Illustrated notes

Levels and vault maps discovered:
D:1:      dpeg_chamrin_arrival_tetris, layout_basic,
          hellmonk_ecumenical_altar_arch_garden, minmay_octomino_c4
D:2:      layout_rooms, serial_glass, glass_columns_a, glass_columns_b
D:3:      layout_loops_cross, nicolae_qazlal_general_emergency
D:4:      layout_basic, amethyst_overflow_temple_binary,
          minmay_temple_entry_arrows, minmay_misc_feat_pillars,
          serial_bayou_pond_e
Temple:   minmay_temple_forest_path

Skill      XL: |  1  2  3  4 |
---------------+-------------+-----
Axes           | 3 |  3.9
Armour         | 3 |  3.3
Shields        | 3 |  3.0
Fighting       | |  3.6
Dodging        | |  0.5
Stealth        | |  0.1

Action                   |  1- 3 |  4- 6 || total
-------------------------+-------+-------++-------
Melee: War axe           |   100 |    57 ||   157
       Tailslap          |    10 |     5 ||    15
 Abil: Rolling Charge    |     1 |       ||     1
  Use: Scroll            |       |     3 ||     3
       Potion            |       |     6 ||     6
Armor: Scale mail        |    46 |    54 ||   100
Dodge: Dodged            |    19 |    18 ||    37
Block: Kite shield       |    45 |    41 ||    86

Table legend: (Time is in decaauts)
 A = Elapsed time spent in this place.
 B = Non-inter-level travel time spent in this place.
 C = Inter-level travel time spent in this place.
 D = Time resting spent in this place.
 E = Time spent auto-exploring this place.
 F = Levels seen in this place.
 G = Mean time per level.
                   A        B        C        D        E       F      G
               +--------+--------+--------+--------+--------+-----+--------+
         Total |   2902 |   2720 |    182 |    170 |   2128 |   5 |  580.4 |
       Dungeon |   2299 |   2216 |     83 |    170 |   1654 |   4 |  574.8 |
        Temple |    603 |    504 |     99 |      0 |    474 |   1 |  603.0 |
               +--------+--------+--------+--------+--------+-----+--------+

Top non-repeatable levels by time:
     D:1: 1154 daAuts
  Temple: 603 daAuts
     D:2: 574 daAuts
     D:3: 438 daAuts
     D:4: 132 daAuts
